 Dungeon Crawl Stone Soup version 0.31-a0-366-ga77b45bd9b (webtiles) character file.

Game seed: 17060676317063308015

98858 MacCMillion the Metamorph (level 15, -2/141 HPs)
             Began as a Purple Draconian Shapeshifter on July 28, 2023.
             Was an Initiate of Gozag.
             Slain by a black mamba (13 damage)
             ... led by a naga ritualist
             ... on level 1 of the Snake Pit.
             The game lasted 00:52:05 (28328 turns).

MacCMillion the Metamorph (DrSh)                   Turns: 28328, Time: 00:52:06

Health: -2/141     AC: 17    Str: 22    XL:     15   Next: 76%
Magic:  15/15      EV: 16    Int: 10    God:    Gozag
Gold:   1779       SH:  0    Dex: 16    Spells: 14/14 levels left

rFire   + .          .
                       - Unarmed
rCold   + . .        (no shield)
rNeg    . . .        (body armour unavailable)
rPois   +            (helmet restricted)
rElec   +            W - +2 cloak {rPois}
rCorr   .            Y - +2 pair of gloves {Stlth+}
SInv    +            X - +1 pair of boots "Rorarphu" {rElec Dex+3 SInv}
Will    ++...        w - amulet of regeneration
Stlth   ++           v - ring of protection from cold
HPRegen 1.23/turn    b - ring of protection from fire
MPRegen 0.14/turn

%: no passive effects
@: lethally poisoned (-2 -> -5), maw-form, constricted, studying Polearms
A: devouring maw, breathe power, AC +9, unfitting armour, cold-blooded
a: Breathe Dispelling Energy, Begin Untransformation, Renounce Religion, Potion
Petition, Call Merchant, Bribe Branch


You were on level 1 of the Snake Pit.
You worshipped Gozag.
Gozag was most pleased with you.
You were a creature with a mouth for a stomach.
You visited 4 branches of the dungeon, and saw 23 of its levels.
You also visited: Bailey.

You collected 8617 gold pieces.
You spent 1489 gold pieces at shops.
You paid 5349 gold pieces to Gozag.

Inventory:

Missiles
 x - 3 throwing nets
Armour
 k - a +0 pair of gloves
 W - a +2 cloak of poison resistance (worn)
 X - the +1 pair of boots "Rorarphu" (worn) {rElec Dex+3 SInv}
   (You bought it in a shop on level 2 of the Orcish Mines)

   Dex:       It affects your dexterity (+3).
   rElec:     It insulates you from electricity.
   SInv:      It lets you see invisible.
 Y - a +2 pair of gloves of stealth (worn)
Jewellery
 b - a ring of protection from fire (right hand)
 m - an amulet of reflection
 r - a ring of poison resistance
 v - a ring of protection from cold (left hand)
 w - an amulet of regeneration (around neck)
 z - a ring of wizardry
 F - a ring of magical power
 I - an amulet of the acrobat
 O - a ring of willpower
 Q - a ring of see invisible
 S - a ring of resist corrosion
Talismans
 E - a serpent talisman
 R - a maw talisman
Wands
 c - a wand of roots (12)
 B - a wand of flame (27)
 D - a wand of charming (16)
 P - a wand of digging (10)
 T - a wand of polymorph (8)
Scrolls
 d - 5 scrolls of fog
 i - 5 scrolls of torment
 j - 3 scrolls of immolation
 l - a scroll of summoning
 o - 2 scrolls of brand weapon
 s - 5 scrolls of vulnerability
 t - 3 scrolls of enchant armour
 u - 2 scrolls of enchant weapon
 y - 2 scrolls of revelation
 G - a scroll of amnesia
 H - 4 scrolls of teleportation
 J - 2 scrolls of blinking
 K - 3 scrolls of poison
 U - 2 scrolls of silence
 Z - a scroll of fear
Potions
 e - 2 potions of invisibility
 f - 2 potions of attraction
 g - 4 potions of brilliance
 h - 8 potions of curing
 n - 4 potions of haste
 p - 2 potions of might
 q - 3 potions of lignification
 A - 3 potions of magic
 C - 11 potions of heal wounds
 L - a potion of experience
 M - 3 potions of mutation
 N - 3 potions of resistance
 V - a potion of enlightenment
Miscellaneous
 a - a phantom mirror


   Skills:
 + Level 15.0 Fighting
 + Level 12.0 Dodging
 + Level 14.0 Unarmed Combat
 * Level 15.0 Shapeshifting


You had 14 spell levels left.
You didn't know any spells.
Your spell library contained the following spells:

 Spells                   Type           Power      Damage    Failure   Level
 Freeze                   Ice            0%         1d3       36%         1
 Magic Dart               Conj           0%         1d3       36%         1
 Blink                    Tloc           0%         N/A       50%         2
 Cigotuvi's Dreadful Rot  Necr/Pois/Air  0%         N/A       50%         2
 Poisonous Vapours        Pois/Air       0%         N/A       50%         2
 Searing Ray              Conj           0%         2d4       50%         2
 Dazzling Flash           Conj/Hex       0%         N/A       75%         3
 Frozen Ramparts          Ice            0%         1d1       75%         3
 Gell's Gravitas          Tloc           0%         N/A       75%         3
 Hailstorm                Conj/Ice       0%         3d3       75%         3
 Ignite Poison            Fire/Tmut/Pois 0%         N/A       75%         3
 Inner Flame              Hex/Fire       0%         N/A       75%         3
 Mephitic Cloud           Conj/Pois/Air  0%         N/A       75%         3
 Ozocubu's Armour         Ice            0%         N/A       75%         3
 Volatile Blastmotes      Fire/Tloc      0%         2d10      75%         3
 Cause Fear               Hex            0%         N/A       98%         4
 Fulminant Prism          Conj/Hex       0%         3d5       98%         4
 Iskenderun's Mystic Bla  Conj/Tloc      0%         2d3       98%         4
 Manifold Assault         Tloc           0%         N/A       98%         4
 Petrify                  Tmut/Erth      0%         N/A       98%         4
 Agony                    Necr           0%         N/A       100%        5
 Fireball                 Conj/Fire      0%         3d3       100%        5
 Freezing Cloud           Conj/Ice/Air   0%         6-21      100%        5
 Metabolic Englaciation   Hex/Ice        0%         N/A       100%        5
 Silence                  Hex/Air        0%         N/A       100%        5
 Yara's Violent Unravell  Hex/Tmut       0%         3d3       100%        5
 Starburst                Conj/Fire      0%         6d3       100%        6
 Enfeeble                 Hex            0%         N/A       100%        7
 Malign Gateway           Summ/Tloc      0%         N/A       100%        7
 Maxwell's Capacitive Co  Air            0%         ∞         100%        8
 Death's Door             Necr           0%         N/A       100%        9
 Dragon's Call            Summ           0%         N/A       100%        9
 Simulacrum               Ice/Necr       Unusable   N/A       N/A         6

Dungeon Overview and Level Annotations

Branches:
Dungeon (15/15)            Temple (0/1) D:6            Lair (5/5) D:10
 Shoals (0/4) Lair:3        Snake (1/4) Lair:3        Slime (0/5) Lair:4
    Orc (2/2) D:9             Elf (0/3) Orc:2        Vaults (0/5) D:14
 Depths (0/4) D:15         Bailey (visited)

Altars:
Elyvilon
Gozag
Hepliaklqana
Okawaru
Qazlal
Sif Muna
Trog
Uskayaw
Vehumet
Wu Jian
Zin
The Shining One
Jiyva

Shops:
D:6 ?:=!   D:9 ??=**   D:11 ?   D:12 (   D:14 *   Orc:1 [   Orc:2 [[(*

Annotations:
D:7 1 runed translucent door, Crazy Yiuf
D:8 exclusion: two-headed ogre
D:12 2 transporters
Lair:1 exclusion: oklob plant
Snake:1 Jorgrun


Innate Abilities, Weirdness & Mutations

You are a creature with a mouth for a stomach.
Your midsection houses a second, enormous mouth.
You can breathe bolts of dispelling energy.
Your rich purple scales are hard. (AC +9)
You cannot fit into any form of body armour.
You are cold-blooded and may be slowed by cold attacks.


Message History

The anaconda constricts you.
The black mamba bites you but does no damage.
Jorgrun hits you with a +0 heavy quarterstaff!!
The black mamba closely misses you. x2
You closely miss the anaconda. You tail-slap the anaconda.
The anaconda is heavily wounded.
The anaconda bites you! The anaconda constricts you.
The black mamba bites you but does no damage.
The black mamba misses you. The black mamba bites you!
You are more poisoned.
The black mamba poisons you! The anaconda bites you.
The anaconda constricts you. The black mamba bites you.
Unknown command.
As you read the scroll of summoning, it crumbles to dust.
Wisps of shadow whirl around you...
You feel very sick.
Your anaconda is poisoned.
The black mamba barely misses you. The black mamba completely misses you.
The anaconda closely misses you. The anaconda constricts you.
* * * LOW HITPOINT WARNING * * *
The black mamba bites you but does no damage.
Jorgrun hits you with a +0 heavy quarterstaff!!
* * * LOW HITPOINT WARNING * * *
The naga ritualist hits you from afar with a +0 trident.
* * * LOW HITPOINT WARNING * * *
The black mamba bites you but does no damage.
The black mamba closely misses you. The anaconda barely misses you.
The anaconda constricts you.
* * * LOW HITPOINT WARNING * * *
The black mamba barely misses you.
Blink to where?
Press: ? - help, Dir - move target The anaconda's grasp on you weakens, but your attempt to escape fails.
As you read the scroll of blinking, it crumbles to dust.
You feel very sick.
* * * LOW HITPOINT WARNING * * *
Your anaconda looks even sicker.
The black mamba bites you!
You die...
Your body crumbles into a pile of gold.

##### #... ....
S.. # .$# ##.
#.## ##.SN#.S##
#.....WgN#
#.>..[SSSN.....
#...##.SS......
#.. #...##...#
# #..## .##
#..# .. .... .
#...


You could see Jorgrun (ally target), an anaconda (ally target), a naga ritualist
(toxic aura, ally target), 3 black mambas, a friendly anaconda (summoned, very
poisoned), a friendly naga ritualist (summoned), a friendly mana viper
(summoned), 2 friendly black mambas and a friendly naga (summoned).

Vanquished Creatures
  Gastronok (D:12)
  The ghost of MacCMillion the Grappler, a journeyman DrSh of Qazlal (Orc:1)
  A juggernaut skeleton (D:15)
  An ironbound preserver (D:14)
  An orc warlord (Orc:2)
  Josephine (Lair:3)
  Fannar (D:12)
  2 ogre magi (D:15)
  Erolcha (Orc:1)
  2 catoblepae
  6 centaur warriors
  5 hydras
  A death knight (D:15)
  3 boulder beetles
  9 death yaks (Lair:5)
  A deep troll shaman (Lair:5)
  13 two-headed ogres
  An orc high priest (Orc:2)
  2 tengu warriors
  Sonja (D:12)
  A skyshark (Lair:2)
  5 skeletal warriors
  A spark wasp zombie (D:15)
  A lindwurm (Lair:5)
  A necromancer (D:15)
  3 deep elf pyromancers
  3 orc knights
  A frost giant zombie (D:15)
  2 phantasmal warriors
  7 cyclopes
  3 orc sorcerers (Orc:2)
  9 ugly things
  A stone giant skeleton (D:15)
  5 manticores
  4 elephants (Lair:5)
  3 black mambas
  3 gargoyles
  10 cane toads
  4 komodo dragons
  5 kobold demonologists
  Maggie (D:7)
  2 efreet (D:14)
  3 rime drakes
  A guardian mummy (D:15)
  2 polar bears
  5 trolls
  Prince Ribbit (D:5)
  23 blink frogs
  A snapping turtle (Lair:3)
  Grinder (D:5)
  A slime creature (shapeshifter) (D:14)
  17 slime creatures
  A spriggan (shapeshifter) (D:15)
  A shadow (D:12)
  8 wraiths
  73 yaks
  3 wyverns
  A vampire (D:13)
  4 water elementals (D:12)
  A vampire mosquito (D:11)
  4 basilisks
  A steam dragon (D:8)
  4 nagas (Lair:3)
  5 wargs
  Edmund (D:6)
  3 acid dragons
  11 water moccasins
  A black bear (Lair:5)
  2 sky beasts (D:6)
  39 orc warriors
  An ice beast (D:6)
  6 centaurs
  8 ogres
  28 wolves
  2 phantoms (D:5)
  8 bullfrogs
  6 kobold brigands
  A scorpion (D:7)
  A gnoll sergeant (D:12)
  12 wights
  15 killer bees
  5 electric eels
  5 howler monkeys
  2 gnoll boudas
  8 hounds
  A jelly (D:8)
  13 orc priests
  2 iguanas
  A sleepcap (D:6)
  30 orc wizards
  Terence (D:2)
  12 gnolls
  6 adders
  A white imp (D:8)
  An ufetubus (D:4)
  2 worms
  A dart slug (D:2)
  119 orcs
  4 bats
  8 endoplasms
  2 giant cockroaches
  11 goblins
  7 hobgoblins
  7 jackals
  17 kobolds
  2 quokkas
  10 ball pythons
  2 frilled lizards
  6 rats
721 creatures vanquished.

Notes
Turn   | Place    | Note
-------+----------+-------------------------------------------
     0 | D:1      | MacCMillion the Draconian Shapeshifter began the quest for
                  | the Orb.
     0 | D:1      | Reached XP level 1. HP: 16/16 MP: 1/1
    85 | D:1      | Reached XP level 2. HP: 23/23 MP: 2/2
   520 | D:2      | Reached XP level 3. HP: 29/29 MP: 3/3
   696 | D:2      | Reached XP level 4. HP: 23/37 MP: 4/4
  1253 | D:2      | Noticed Terence
  1262 | D:2      | Killed Terence
  1263 | D:2      | Reached skill level 5 in Unarmed Combat
  1263 | D:2      | Reached XP level 5. HP: 30/45 MP: 5/5
  2124 | D:3      | Found a faded altar of an unknown god.
  3040 | D:4      | Found a hide-covered altar of Uskayaw.
  3052 | D:4      | Reached XP level 6. HP: 47/52 MP: 6/6
  3274 | D:4      | Found an opulent altar of Gozag.
  3359 | D:4      | Found a bloodstained altar of Trog.
  3494 | D:4      | Found an ornate altar of the Wu Jian Council.
  3599 | D:4      | Became a worshipper of Gozag Ym Sagoz the Greedy
  3711 | D:5      | Entered Level 5 of the Dungeon
  3997 | D:5      | Found an iron altar of Okawaru.
  4052 | D:5      | Your scales start taking on a rich purple colour.
  4052 | D:5      | Reached XP level 7. HP: 60/60 MP: 7/7
  4185 | D:5      | Found a white marble altar of Elyvilon.
  4250 | D:5      | Noticed Prince Ribbit
  4277 | D:5      | Killed Prince Ribbit
  4278 | D:5      | Reached skill level 5 in Fighting
  4322 | D:5      | Noticed Grinder
  4337 | D:5      | Killed Grinder
  4352 | D:5      | Reached XP level 8. HP: 69/70 MP: 8/8
  4578 | D:6      | Found Bebib's Distillery.
  4593 | D:6      | Found Fifiuh's Jewellery Emporium.
  4596 | D:6      | Noticed Edmund
  4622 | D:6      | Killed Edmund
  4670 | D:6      | Bought a potion of heal wounds for 75 gold pieces
  4822 | D:6      | Found a staircase to the Ecumenical Temple.
  5037 | D:6      | Found Anoaf's Magic Scroll Emporium.
  5042 | D:6      | Bought a scroll of summoning for 114 gold pieces
  5042 | D:6      | Bought a scroll of identify for 24 gold pieces
  5042 | D:6      | Bought a scroll of identify for 24 gold pieces
  5042 | D:6      | Bought a scroll of identify for 24 gold pieces
  5044 | D:6      | Identified a scroll of acquirement
  5046 | D:6      | Acquired 659 gold pieces
  5048 | D:6      | Bought a scroll of immolation for 48 gold pieces
  5048 | D:6      | Bought a scroll of noise for 12 gold pieces
  5197 | D:6      | Found Nyadgh's Book Shoppe.
  5728 | D:7      | Reached XP level 9. HP: 79/79 MP: 9/9
  5988 | D:7      | Noticed Maggie
  6050 | D:7      | Found a shimmering blue altar of Sif Muna.
  6191 | D:7      | Found a runed translucent door.
  6194 | D:7      | Noticed Crazy Yiuf
  6328 | D:7      | Reached skill level 5 in Shapeshifting
  6593 | D:7      | Killed Maggie
  7068 | D:8      | Found a glowing silver altar of Zin.
  7177 | D:8      | Reached skill level 5 in Dodging
  7238 | D:8      | Identified the +6 morningstar "Xuoppus" {antimagic, rC+++
                  | rCorr Str-4 Int-3}
  7270 | D:8      | Noticed a two-headed ogre
  7283 | D:8      | Reached XP level 10. HP: 63/83 MP: 10/10
  7413 | D:8      | Found a glowing golden altar of the Shining One.
  7880 | D:9      | Found a staircase to the Orcish Mines.
  7930 | D:9      | Found a flagged portal.
  7950 | Bailey   | Entered a bailey
  8469 | Bailey   | Noticed an orc knight
  8469 | Bailey   | Noticed an orc knight
  8687 | D:9      | Found a radiant altar of Vehumet.
  8984 | D:10     | Entered Level 10 of the Dungeon
  9073 | D:10     | Got Misuosy's Grimoire of Translocation and Necromantic
                  | Ceremonies
  9389 | D:10     | Found a staircase to the Lair.
  9620 | D:10     | Found a hazy altar of Hepliaklqana.
 10041 | D:11     | Found Jyfiema's Magic Scroll Shop.
 10216 | D:11     | Reached XP level 11. HP: 95/95 MP: 11/11
 10375 | D:11     | Noticed a centaur warrior
 10379 | D:11     | Killed a centaur warrior
 10380 | D:11     | Reached skill level 10 in Shapeshifting
 10482 | D:11     | Reached skill level 10 in Unarmed Combat
 10498 | D:11     | Identified the +12 short sword "Cuar" {heavy, Dex+6}
 10500 | D:11     | Identified the staff of the Swamp {Fragile rElec rN+ Dex+3
                  | Necro}
 10506 | D:11     | Noticed a tengu warrior
 10538 | D:11     | Killed a tengu warrior
 10938 | D:11     | Noticed a two-headed ogre
 10948 | D:11     | Killed a two-headed ogre
 11191 | D:11     | Noticed a boulder beetle
 11201 | D:11     | Killed a boulder beetle
 11220 | D:11     | Noticed a two-headed ogre
 11229 | D:11     | Noticed an orc knight
 11231 | D:11     | Killed a two-headed ogre
 11353 | D:11     | Killed an orc knight
 11452 | D:11     | Noticed a centaur warrior
 11458 | D:11     | Killed a centaur warrior
 11462 | D:11     | Noticed a deep elf pyromancer
 11467 | D:11     | Killed a deep elf pyromancer
 11468 | D:11     | Reached XP level 12. HP: 106/106 MP: 12/12
 11474 | D:11     | Noticed an eight-headed hydra
 11479 | D:11     | Killed an eight-headed hydra
 11614 | D:11     | Noticed a centaur warrior
 11623 | D:11     | Killed a centaur warrior
 11624 | D:11     | Reached skill level 10 in Fighting
 12312 | Lair:1   | Entered Level 1 of the Lair of Beasts
 12783 | D:10     | Found a hazy altar of Hepliaklqana.
 13629 | D:10     | Found a hazy altar of Hepliaklqana.
 15371 | Lair:2   | Reached XP level 13. HP: 113/113 MP: 13/13
 15997 | Lair:3   | Reached skill level 10 in Dodging
 16076 | Lair:3   | Noticed Josephine
 16087 | Lair:3   | Killed Josephine
 16354 | Lair:3   | Found a staircase to the Snake Pit.
 16509 | Lair:3   | You fall into a shaft and drop 2 floors!
 16509 | Lair:5   | Entered Level 5 of the Lair of Beasts
 16595 | Lair:4   | Found a viscous altar of Jiyva.
 16722 | Lair:4   | Found a staircase to the Slime Pits.
 16948 | Lair:3   | Found a staircase to the Shoals.
 18351 | Lair:5   | Reached XP level 14. HP: 74/121 MP: 14/14
 19417 | Orc:1    | Entered Level 1 of the Orcish Mines
 19712 | Orc:2    | Entered Level 2 of the Orcish Mines
 19798 | Orc:2    | Found a staircase to the Elven Halls.
 20655 | Orc:2    | Noticed an orc warlord
 20872 | Orc:2    | Killed an orc warlord
 21139 | Orc:2    | Found Hodirot's General Store.
 21270 | Orc:2    | Found Neacwil's Armour Shoppe.
 21325 | Orc:2    | Found Iwyqulesm's Antique Weapon Shoppe.
 21327 | Orc:2    | Found Urphenigu's Antique Armour Emporium.
 21569 | Orc:1    | Noticed Erolcha
 21569 | Orc:1    | Found Biulyfi's Armour Boutique.
 21576 | Orc:1    | Killed Erolcha
 21654 | Orc:1    | Found a runed translucent door.
 21655 | Orc:1    | Noticed MacCMillion's ghost (journeyman DrSh)
 21924 | Orc:1    | Killed MacCMillion's ghost
 22073 | D:9      | Bought a scroll of identify for 24 gold pieces
 22075 | D:9      | Bought a scroll of teleportation for 45 gold pieces
 22075 | D:9      | Bought a scroll of blinking for 112 gold pieces
 22766 | D:12     | Noticed Sonja
 22844 | D:9      | Bought a +2 cloak of poison resistance for 277 gold pieces
 22911 | Orc:2    | Bought a pair of scorched boots for 199 gold pieces
 22911 | Orc:2    | Identified the +1 pair of boots "Rorarphu" {rElec Dex+3
                  | SInv} (You bought it in a shop on level 2 of the Orcish
                  | Mines)
 22971 | Orc:2    | Bought a +2 pair of gloves of stealth for 236 gold pieces
 23225 | D:12     | Killed Sonja
 23289 | D:12     | Found a transporter.
 23289 | D:12     | Found Peininux's Weapon Boutique.
 23322 | D:12     | Noticed Gastronok
 23337 | D:12     | Killed Gastronok
 23396 | D:12     | Found a transporter.
 23433 | D:12     | Got the Precepts of Refrigeration
 23492 | D:12     | Noticed Fannar
 23511 | D:12     | Killed Fannar
 24349 | D:13     | Reached XP level 15. HP: 115/134 MP: 15/15
 24755 | D:14     | Found a stormy altar of Qazlal.
 25027 | D:14     | Found a gate to the Vaults.
 25241 | D:14     | Found Ficlumoh's Assorted Antiques.
 26199 | D:15     | Entered Level 15 of the Dungeon
 26294 | D:15     | Reached skill level 15 in Shapeshifting
 26898 | D:15     | Found a staircase to the Depths.
 27469 | D:15     | Reached skill level 15 in Fighting
 28088 | D:6      | Bought a ring of protection from fire for 275 gold pieces
 28317 | Snake:1  | Entered Level 1 of the Snake Pit
 28317 | Snake:1  | Noticed Jorgrun
 28328 | Snake:1  | Slain by a black mamba

Illustrated notes

Levels and vault maps discovered:
D:1:      tarquinn_simple_flora_water_a, layout_rooms, chequers_garden
D:2:      layout_loops_ring, st_stairs_3, uniq_terence
D:3:      layout_basic, shapermc_ecumenical_altar_mp_highgroup,
          hangedman_feature_mirror, minmay_starry_boxes
D:4:      layout_loops_ring, nicolae_uskayaw_dance_hall, trog_hazing_becter,
          grunt_gozag_breadcrumbs, nzn_wu_jian_contemplation, serial_glass,
          glass_columns_b, glass_columns_a
D:5:      layout_cave_pools, lemuel_coloured_pillars_altar,
          mainiacjoe_overflow_small_starburst, grunt_decor_fettered,
          kennysheep_small_circle, uniq_prince_ribbit1, uniq_grinder
D:6:      layout_gridville, minmay_temple_entry_mini_moons, serial_shops,
          nicolae_inconvenience_store, nicolae_shop_waterfront, shop,
          nicolae_shop_waterfront, chequers_serial_rivers_large_a, uniq_edmund
D:7:      layout_cave_pools, kennysheep_orc_sif_temple, uniq_crazy_yiuf_cottage,
          uniq_maggie
D:8:      layout_rooms, marbit_many_paths, mainiacjoe_overflow_alcove_1
D:9:      layout_roguey, overflow_temple_1_default, orc_0_dummy, enter_bailey_3
D:10:     layout_gridville, mainiacjoe_overflow_six_doors_small,
          erik_lair_orcish_takeover
D:11:     minmay_the_grid_octo_tiled_octocenter_mashed
          [minmay_the_grid_octo_checkerflower, minmay_the_grid_octo_77,
          minmay_the_grid_octo_pinwheel, minmay_the_grid_octo_fan_narrow,
          minmay_the_grid_octo_prize_single_spiral,
          minmay_the_grid_square_5x5_percent,
          minmay_the_grid_square_5x5_six_small,
          minmay_the_grid_square_5x5_gyroscope, minmay_the_grid_square_5x5_two],
          layout_layer_cave, serial_shops, shop, serial_glass, glass_columns_c,
          glass_columns_c
D:12:     layout_basic, serial_shops, nicolae_shop_drivethru, uniq_gastronok,
          uniq_sonja, uniq_fannar
D:13:     layout_roguey
D:14:     layout_stronghold, skrybe_vaults_entry_preservation,
          nicolae_qazlal_scattered_showers, serial_shops,
          nicolae_shop_just_a_little_nook
D:15:     gammafunk_depths_entry_grave, layout_small_grid
Lair:1:   layout_misc_corridors, chequers_serial_rivers_micro_c,
          grunt_megastairs_4, serial_bayou_shore_a
Lair:2:   layout_misc_corridors
Lair:3:   layout_chaotic_city, minmay_shoals_entry_hut,
          minmay_snake_entry_guardpost_small, uniq_josephine
Lair:4:   layout_hall_layers, slime_entry_1, infiniplex_staircase_pool
Lair:5:   grunt_lair_end_beastmaster, layout_loops_ring
Snake:1:  layout_misc_corridors, serial_shops, nicolae_shop_gibbet_a_chance,
          nicolae_integral_box, uniq_aizul, uniq_jorgrun
Orc:1:    nicolae_orc_accident_3, layout_caves, serial_shops, shop,
          ebering_ghost_reflecting_pool, uniq_erolcha
Orc:2:    grunt_orc_community_town_hall, layout_caves,
          grunt_orc_community_big_house_2, grunt_orc_community_big_house_1,
          grunt_orc_community_house_3, grunt_orc_community_house_1,
          grunt_orc_community_house_3, grunt_orc_community_house_3

Skill      XL: |  1  2  3  4  5  6  7  8  9 10 11 12 13 14 15 |
---------------+----------------------------------------------+-----
Fighting       | 2 3 4 6 7 8 9 10 12 15 | 15.0
Unarmed Combat | 4 5 6 8 9 10 12 13 14 | 14.0
Dodging        | 2 3 5 7 9 11 12 | 12.0
Shapeshifting  | 4 6 9 10 11 12 14 15 | 15.0

Action                     |  1- 3 |  4- 6 |  7- 9 | 10-12 | 13-15 || total
---------------------------+-------+-------+-------+-------+-------++-------
  Melee: Unarmed           |    75 |   202 |   301 |   580 |  1171 ||  2329
         Tailslap          |     3 |    22 |    43 |    16 |   136 ||   220
         Punch             |       |     8 |    15 |     6 |    57 ||    86
         Constrict         |       |       |       |   105 |   148 ||   253
         Maw               |       |       |       |       |   154 ||   154
 Invoke: Potion Petition   |       |       |       |     2 |     2 ||     4
         Call Merchant     |       |       |       |       |     5 ||     5
Ability: Breathe Dispellin |       |       |     8 |     1 |     1 ||    10
  Evoke: Wand              |       |       |     2 |       |     4 ||     6
    Use: Potion            |       |     1 |       |     1 |     1 ||     3
         Scroll            |       |     4 |     6 |     4 |    13 ||    27
   Stab: Distracted        |       |     1 |       |     1 |     5 ||     7
         Sleeping          |       |     1 |       |       |     2 ||     3
         Invisible         |       |       |       |     2 |       ||     2
 Armour: Skin              |    23 |    61 |    59 |   137 |   329 ||   609
  Dodge: Dodged            |    46 |   127 |   175 |   347 |   699 ||  1394
   Form: Anaconda          |       |       |       |     1 |       ||     1
         Maw               |       |       |       |       |     2 ||     2
                           |       |       |       |       |     1 ||     1

Table legend: (Time is in decaauts)
 A = Elapsed time spent in this place.
 B = Non-inter-level travel time spent in this place.
 C = Inter-level travel time spent in this place.
 D = Time resting spent in this place.
 E = Time spent auto-exploring this place.
 F = Levels seen in this place.
 G = Mean time per level.
                   A        B        C        D        E       F      G
               +--------+--------+--------+--------+--------+-----+--------+
         Total |  27918 |  25774 |   2144 |   4318 |  16177 |  24 | 1163.2 |
       Dungeon |  19126 |  17575 |   1551 |   2601 |  11681 |  15 | 1275.1 |
          Lair |   5506 |   5166 |    340 |    962 |   3081 |   5 | 1101.2 |
     Snake Pit |      9 |      9 |      0 |      0 |      0 |   1 |    9.0 |
  Orcish Mines |   2715 |   2464 |    251 |    542 |   1394 |   2 | 1357.5 |
        Bailey |    560 |    560 |      0 |    213 |     20 |   1 |  560.0 |
               +--------+--------+--------+--------+--------+-----+--------+

Top non-repeatable levels by time:
    D:10: 3052 daAuts
    D:11: 2278 daAuts
    D:14: 1918 daAuts
  Lair:5: 1506 daAuts
     D:6: 1405 daAuts
     D:9: 1383 daAuts
     D:2: 1368 daAuts
   Orc:1: 1364 daAuts
   Orc:2: 1351 daAuts
  Lair:3: 1299 daAuts
  Lair:1: 1094 daAuts
    D:15: 1081 daAuts
  Lair:2: 1022 daAuts
     D:4: 1002 daAuts
    D:12: 969 daAuts
